 Dungeon Crawl Stone Soup version 0.30-a0-652-gcc886f7154 (webtiles) character file.

Game seed: 16986136173919733880

618 testman the Stinger (level 7, -3/52 HPs)
             Began as a Demonspawn Venom Mage on Jan 17, 2023.
             Shot with an arrow by a centaur (6 damage)
             ... on level 5 of the Dungeon.
             The game lasted 00:09:33 (3420 turns).

testman the Stinger (Demonspawn Venom Mage)         Turns: 3420, Time: 00:09:33

Health: -3/52      AC:  2    Str:  9    XL:     7   Next: 21%
Magic:  12/12      EV: 12    Int: 18    God:
Gold:   287        SH:  0    Dex: 19    Spells: 3/13 levels left

rFire   . . .      SeeInvis .    n - +1 dagger (venom)
rCold   . . .      Faith    .    (no shield)
rNeg    . . .      Spirit   .    a - +0 robe
rPois   +          Reflect  .    (helmet restricted)
rElec   .          Harm     .    (no cloak)
rCorr   .          Rampage  .    (no gloves)
Will    .....                    (no boots)
Stlth   ++                       (no amulet)
HPRegen 0.28/turn                c - +6 ring of dexterity
MPRegen 0.26/turn                f - ring of poison resistance

@: no status effects
A: horns 2, magic regeneration, weakness stinger 1, demonic touch 1
a: no special abilities


You were on level 5 of the Dungeon.
You visited 1 branch of the dungeon, and saw 5 of its levels.

You collected 287 gold pieces.

Inventory:

Hand Weapons
 n - a +1 dagger of venom (weapon)
Missiles
 k - a throwing net
Armour
 a - a +0 robe (worn)
Jewellery
 c - a +6 ring of dexterity (left hand)
 f - a ring of poison resistance (right hand)
 m - a ring of positive energy
Wands
 r - a wand of roots (7)
 u - a wand of charming (10)
Scrolls
 d - 2 scrolls of fear {unknown}
 e - 3 scrolls of identify {unknown}
 g - a scroll of enchant weapon {unknown}
 h - a scroll of fog {unknown}
 j - 3 scrolls of summoning {unknown}
 l - a scroll of teleportation {unknown}
 o - 2 scrolls of vulnerability {unknown}
 q - a scroll of amnesia {unknown}
 s - a scroll of blinking {unknown}
Potions
 b - a potion of magic
 i - 2 potions of curing {unknown}
 p - a potion of ambrosia {unknown}
 t - a potion of resistance {unknown}


   Skills:
 + Level 3.1 Fighting
 - Level 1.7 Dodging
 - Level 1.7 Stealth
 + Level 3.8 Spellcasting
 - Level 2.0 Conjurations
 - Level 3.0 Transmutations
 - Level 2.0 Air Magic
 + Level 4.6 Poison Magic


You had 3 spell levels left.
You knew the following spells:

 Your Spells              Type           Power      Damage    Failure   Level
a - Sting                 Tmut/Pois      68%        1d6       3%          1
b - Poisonous Vapours     Pois/Air       30%        N/A       6%          2
c - Mephitic Cloud        Conj/Pois/Air  13%        N/A       14%         3
d - Olgreb's Toxic Radia  Pois           20%        N/A       22%         4

Your spell library contained the following spells:

 Spells                   Type           Power      Damage    Failure   Level


Dungeon Overview and Level Annotations

Branches:
Dungeon (5/15)
 Temple: D:4-7

Altars:
Dithmenos


Innate Abilities, Weirdness & Mutations

You have a pair of horns on your head.
You regenerate magic rapidly.
You have a small tail.
Your touch may inflict minor irresistible damage on your foes.


Message History

You headbutt the scorpion, but do no damage.
The scorpion is severely wounded.
You feel sick.
You kill the scorpion!
Your Fighting skill increases to level 3!
You closely miss the iguana. You tail-slap the iguana.
The iguana is lightly wounded.
You feel sick. The iguana bites you!
You hit the iguana.
You headbutt the iguana, but do no damage.
Your tail-slap misses the iguana.
You touch the iguana!
The iguana is heavily wounded.
You feel sick. The iguana bites you.
* * * LOW HITPOINT WARNING * * *
You hit the iguana but do no damage.
The iguana is poisoned.
You touch the iguana.
The iguana is almost dead.
You feel sick.
You kill the iguana!
You hit the orc but do no damage.
The orc is poisoned.
You headbutt the orc!
You kill the orc!
You feel sick.
A centaur and an orc come into view.
You feel sick.
The centaur shouts!
You hear an angry buzzing noise.
The orc shouts!
You hear a shout!
The centaur wields a +0 shortbow.
The centaur shoots an arrow.
The arrow hits you!
* * * LOW HITPOINT WARNING * * *
An orc comes into view. It is wielding a +0 hand axe.
The orc moves out of view.
Things that are here:
a +0 dagger; an orc corpse; an iguana corpse You feel sick.
You feel sick.
You are no longer poisoned.
Things that are here:
a +0 halberd; a +0 plate armour The centaur shoots an arrow.
The arrow hits you.
You die...

#.. #........ ..## #.#
......... ...#
#.###.......< #...
#.........#.. #..##
##.........#.. #...###
#..........#.. #....##
#.#........#..
#.##..####.#........#..
#†).).@...>#........#..
#.c##########........#..
#.#. .............+). #.
#. #####........### #.
#. #........# .o ..
#######'## # c. #.####
.. #..... ######


You could see a centaur.

Vanquished Creatures
  An orc warrior (D:5)
  A black bear (D:5)
  An ogre (D:4)
  A scorpion (D:5)
  A bullfrog (D:5)
  2 iguanas (D:5)
  7 gnolls
  3 adders
  2 worms
  6 dart slugs
  2 orcs
  7 endoplasms
  A giant cockroach (D:4)
  2 goblins
  3 hobgoblins
  8 jackals
  7 kobolds
  4 ball pythons (D:4)
  5 bats
  5 frilled lizards
  6 rats
75 creatures vanquished.

Notes
Turn   | Place    | Note
-------+----------+-------------------------------------------
     0 | D:1      | testman the Demonspawn Venom Mage began the quest for the
                  | Orb.
     0 | D:1      | Reached XP level 1. HP: 13/13 MP: 3/3
    36 | D:1      | Reached skill level 1 in Transmutations
   129 | D:1      | Discovered your monstrous ancestry.
   129 | D:1      | Gained mutation: You have a pair of small horns on your
                  | head. [demonic ancestry]
   129 | D:1      | Reached XP level 2. HP: 9/19 MP: 0/5
   132 | D:1      | Learned a level 2 spell: Poisonous Vapours
   993 | D:2      | Gained mutation: Your touch may inflict minor irresistible
                  | damage on your foes. [demonic ancestry]
   993 | D:2      | Reached XP level 3. HP: 24/25 MP: 6/6
  1202 | D:2      | Reached skill level 1 in Fighting
  1635 | D:2      | Reached XP level 4. HP: 6/32 MP: 6/8
  1639 | D:2      | Learned a level 3 spell: Mephitic Cloud
  2533 | D:4      | Noticed an ogre
  2541 | D:4      | Killed an ogre
  2542 | D:4      | Reached skill level 1 in Conjurations
  2542 | D:4      | Reached skill level 1 in Air Magic
  2542 | D:4      | Gained mutation: You have a small tail. [demonic ancestry]
  2542 | D:4      | Reached XP level 5. HP: 38/38 MP: 9/9
  2744 | D:4      | Reached skill level 4 in Poison Magic
  3036 | D:5      | Entered Level 5 of the Dungeon
  3055 | D:5      | Gained mutation: You have a pair of horns on your head.
                  | [demonic ancestry]
  3055 | D:5      | Reached XP level 6. HP: 37/44 MP: 10/10
  3060 | D:5      | Learned a level 4 spell: Olgreb's Toxic Radiance
  3125 | D:5      | Found a shadowy altar of Dithmenos.
  3259 | D:5      | Noticed an orc warrior
  3271 | D:5      | Killed an orc warrior
  3403 | D:5      | Noticed a vampire mosquito
  3407 | D:5      | Gained mutation: You regenerate magic rapidly. [demonic
                  | ancestry]
  3407 | D:5      | Reached XP level 7. HP: 39/51 MP: 9/12
  3418 | D:5      | HP: 2/52 [poisoned by a scorpion]
  3420 | D:5      | Shot with an arrow by a centaur

Illustrated notes

Levels and vault maps discovered:
D:1:      minmay_arrival_open_corners, layout_loops_ring,
          corexii_item_surrounded_by_moat
D:2:      layout_rooms
D:3:      layout_rooms
D:4:      layout_loops_ring, grunt_decor_clamped, minmay_misc_feat_roman
D:5:      layout_basic, grunt_dithmenos_smoke_and_mirrors,
          minmay_temple_entry_wispy, minmay_manual_mail, uniq_blork_the_orc

Skill      XL: |  1  2  3  4  5  6  7 |
---------------+----------------------+-----
Transmutations | 1 2 3 |  3.0
Fighting       | 1 2 3 |  3.1
Spellcasting   | 3 |  3.8
Conjurations   | 1 2 |  2.0
Air Magic      | 1 2 |  2.0
Poison Magic   | 4 |  4.6
Dodging        | |  1.7
Stealth        | |  1.7

Action                   |  1- 3 |  4- 6 |  7- 9 || total
-------------------------+-------+-------+-------++-------
Melee: Unarmed           |    42 |       |       ||    42
       Headbutt          |    15 |    20 |     4 ||    39
       Short sword       |    54 |     2 |       ||    56
       Touch             |     9 |    18 |     2 ||    29
       Dagger            |       |    73 |     8 ||    81
       Punch             |       |     1 |       ||     1
       Tailslap          |       |     2 |     2 ||     4
 Cast: Sting             |    26 |     7 |       ||    33
       Poisonous Vapours |     2 |     2 |       ||     4
 Stab: Sleeping          |     5 |     6 |       ||    11
Armor: Robe              |    19 |     4 |       ||    23
Dodge: Dodged            |    57 |    47 |     2 ||   106

Table legend: (Time is in decaauts)
 A = Elapsed time spent in this place.
 B = Non-inter-level travel time spent in this place.
 C = Inter-level travel time spent in this place.
 D = Time resting spent in this place.
 E = Time spent auto-exploring this place.
 F = Levels seen in this place.
 G = Mean time per level.
                   A        B        C        D        E       F      G
               +--------+--------+--------+--------+--------+-----+--------+
         Total |   3419 |   3324 |     95 |    320 |   2468 |   5 |  683.8 |
       Dungeon |   3419 |   3324 |     95 |    320 |   2468 |   5 |  683.8 |
               +--------+--------+--------+--------+--------+-----+--------+

Top non-repeatable levels by time:
     D:1: 960 daAuts
     D:2: 877 daAuts
     D:4: 718 daAuts
     D:3: 478 daAuts
     D:5: 383 daAuts
